 Dungeon Crawl Stone Soup version 0.27-a0-1312-g5cdb2b3542 (webtiles) character file.

Game seed: 15032624055785866472

168 spiderkeys the Skirmisher (level 5, -1/46 (47) HPs)
             Began as a Gnoll Abyssal Knight on June 21, 2021.
             Was a Believer of Lugonu.
             Slain by an orc (5 damage)
             ... on level 3 of the Dungeon.
             The game lasted 00:03:40 (2015 turns).

spiderkeys the Skirmisher (Gnoll Abyssal Knight)    Turns: 2015, Time: 00:03:40

HP:   -1/46 (47)    AC:  9    Str: 12    XL:     5   Next: 49%
MP:   7/8           EV: 11    Int: 12    God:    Lugonu [**....]
Gold: 191           SH:  0    Dex: 11    Spells: 7/7 levels left

rFire    . . .     SeeInvis .   a - +1 spear
rCold    . . .     Faith    .   (no shield)
rNeg     . . .     Spirit   .   c - +0 ring mail
rPois    .         Reflect  .   j - +2 helmet
rElec    .         Harm     .   (no cloak)
rCorr    .         Rampage  .   (no gloves)
Will     .....                  (no boots)
Stlth    +.........             (no amulet)
HPRegen  0.15/turn              (no ring)
MPRegen  0.11/turn              (no ring)

@: lightly drained
A: fangs 1, strong nose, distributed training
a: Renounce Religion, Depart the Abyss, Bend Space


You were on level 3 of the Dungeon.
You worshipped Lugonu.
Lugonu was pleased with you.
You visited 1 branch of the dungeon, and saw 4 of its levels.
You visited the Abyss 1 time.

You collected 191 gold pieces.


Innate Abilities, Weirdness & Mutations

You have very sharp teeth.
Your uncanny sense of smell can sniff out nearby items.
Your experience applies equally to all skills.


   Skills:
 + Level 6.7 Fighting
 + Level 1.5 Short Blades
 + Level 1.5 Long Blades
 + Level 1.5 Axes
 + Level 1.5 Maces & Flails
 + Level 4.8 Polearms
 + Level 1.5 Staves
 + Level 1.5 Slings
 + Level 1.5 Bows
 + Level 1.5 Crossbows
 + Level 1.5 Throwing
 + Level 4.8 Armour
 + Level 3.0 Dodging
 + Level 1.5 Stealth
 + Level 1.5 Shields
 + Level 1.5 Unarmed Combat
 + Level 1.5 Spellcasting
 + Level 1.2 Conjurations
 + Level 1.2 Hexes
 + Level 1.2 Summonings
 + Level 1.2 Necromancy
 + Level 1.2 Translocations
 + Level 1.2 Transmutations
 + Level 1.2 Fire Magic
 + Level 1.2 Ice Magic
 + Level 1.2 Air Magic
 + Level 1.2 Earth Magic
 + Level 1.2 Poison Magic
 + Level 4.9 Invocations
 + Level 1.5 Evocations


You had 7 spell levels left.
You didn't know any spells.
Your spell library contained the following spells:

 Spells                   Type           Power      Damage    Failure   Level
 Confusing Touch          Hex            3%         N/A       73%         3
 Gell's Gravitas          Tloc           1%         N/A       73%         3
 Petrify                  Tmut/Erth      3%         N/A       98%         4
 Metabolic Englaciation   Hex/Ice        1%         N/A       100%        5
 Yara's Violent Unravell  Hex/Tmut       1%         3d3       100%        5

Inventory:

Hand Weapons
 a - a +1 spear (weapon)
 g - a +1 dagger of venom
   (You found it on level 1 of the Dungeon)
 k - a +0 hunting sling
   (You found it on level 1 of the Dungeon)
Missiles
 f - 76 stones
 h - 42 arrows
Armour
 b - a +0 leather armour
 c - a +0 ring mail (worn)
   (You found it on level 1 of the Abyss)
 j - a +2 helmet (worn)
   (You found it on level 1 of the Dungeon)
 n - a +0 pair of gloves
   (You found it on level 2 of the Dungeon)
Jewellery
 C - a ring of ice
   (You found it on level 2 of the Dungeon)
 I - a +6 ring of intelligence
   (You took it off a kobold on level 2 of the Dungeon)
Scrolls
 p - a scroll of identify {@r1}
Potions
 d - a potion of curing {@q1}
 e - a potion of might {unknown}
 i - a potion of heal wounds {unknown}
 m - 2 potions of mutation {unknown}

Dungeon Overview and Level Annotations

Branches:
Dungeon (4/15)
 Temple: D:4-7

Altars:

Annotations:
D:3 Natasha
D:4 Edmund

,*
*,,,*#......[..###
** **,,,*#....h.####
****** **
*,,,**#.........#
**,**,* ,* **,,,*
#.....W...#**,,*,,*
** **,,,**
#.........#*,,,,,,,
**,,,**
#.....5..#**,,***,,
**,,,** ###S#.#.##
*,,*∆*,, **,,,**
##h#,*,* **,**,**,
** *,,,**
#@.#,,,***,,*,,,*,
,***,,,*
#.##,,*>,,,,,***,,
,**,,,**
#o.,,,,,,,*,*,,,*,
,**,,,*
*#...,,,,***,**,**,
,*,,,**
*..o.o,,,***,,*,*,,
,*,,,*
*#..#o.,,,,,,,,*,,,
,*,,,*****
**.......,**,,,***,,
,,,,,,,,,*
*,..##,...***,,,*,,,
,,,,******
**,*<**,,,,*
*,,*,*,,


You could see a phantom (inner flame), Natasha (inner flame), an adder (inner
flame), 4 orcs and a jackal.


Message History

You hit the adder.
The adder is poisoned.
You feel sick. The adder barely misses you. The adder misses you.
You barely miss the adder.
You feel sick. The adder bites you.
* * * LOW HITPOINT WARNING * * *
You are more poisoned.
The adder poisons you! 😱 HP[-3]
You take 3 damage, and now have 9/46 hp.
You feel better.
You kill the adder!
Lugonu accepts your kill. 😨 HP[+9]
You regained 9 hp, and now have 18/46 hp.
You hit the orc but do no damage.
The orc is poisoned.
You bite the orc, but do no damage. The orc misses you.
You hit the orc but do no damage.
The orc looks as sick as possible!
The orc hits you but does no damage.
You hit the orc but do no damage.
The orc looks as sick as possible!
You kill the orc!
Lugonu accepts your kill.
Things that are here:
a +0 dagger; a +0 chain mail; an adder corpse You hit the phantom.
The phantom hits you.
* * * LOW HITPOINT WARNING * * *
😨 HP[-3]
You take 3 damage, and now have 15/46 hp.
You closely miss the phantom. The phantom hits you.
* * * LOW HITPOINT WARNING * * *
😨 HP[-2]
You take 2 damage, and now have 13/46 hp.
You hit the phantom but do no damage. The phantom closely misses you.
Unknown command.
Your +1 dagger of venom stops dripping with poison.
a - a +1 spear (weapon)
The phantom barely misses you.
You hit the phantom.
The phantom hits you but does no damage.
You hit the phantom.
The phantom hits you but does no damage.
You closely miss the phantom. Your punch misses the phantom.
You hit the phantom. The phantom hits you.
* * * LOW HITPOINT WARNING * * *
😱 HP[-2]
You take 2 damage, and now have 11/46 hp.
You completely miss the phantom. Your bite misses the phantom.
The phantom misses you. 😨 HP[+1]
You closely miss the phantom. The phantom closely misses you.
You hit the phantom but do no damage. The phantom hits you.
* * * LOW HITPOINT WARNING * * *
The phantom blinks!
You blink. 😱 HP[-5]
You take 5 damage, and now have 7/46 hp.
Space bends around you!
You blink. 😱 HP[-2] MP[-1]
You take 2 damage, and now have 5/46 hp.
You lost 1 mp, and now have 7/8 mp. 😱 HP[+1]
You see here a green potion. 😱 MP[+1]
Your mp is fully restored (8). 😱 HP[+1]
You see here 7 gold pieces.
An adder comes into view.
The adder hisses angrily.
A jackal comes into view.
Space bends around you!
You blink.
Natasha, Servant of Life and Death comes into view.
Natasha mumbles some strange words. 😱 HP[-2] MP[-1]
You take 2 damage, and now have 5/46 hp.
You lost 1 mp, and now have 7/8 mp.
The crimson imp picks up a beetle and eats it. 😱 HP[+1]
A frilled lizard and 3 orcs come into view.
The orc shouts! x2; The frilled lizard hisses angrily.
The orc shouts!
You hear an angry hiss.
An orc comes into view. It is wielding a +0 whip.
Natasha claws you.
* * * LOW HITPOINT WARNING * * *
😱 HP[-1]
You take 1 damage, and now have 5/46 hp.
As you read the scroll labelled CEQIET YFFAUDD, it crumbles to dust.
You feel aware of your surroundings.
You sensed 1 altar.
It was a scroll of magic mapping.
The orc shouts!
The crimson imp blinks!
Natasha stares at you and mumbles some strange words.
The magic dart hits you.
* * * LOW HITPOINT WARNING * * *
😱 HP[-1]
You take 1 damage, and now have 4/46 hp.
As you read the scroll labelled KOAGHUNIAH, it crumbles to dust.
The creatures around you are filled with an inner flame!
It was a scroll of immolation.
The orc hits you from afar with a +0 trident.
You die...

Skill      XL: |  1  2  3  4  5 |
---------------+----------------+-----
Short Blades   | 1 |  1.5
Long Blades    | 1 |  1.5
Axes           | 1 |  1.5
Maces & Flails | 1 |  1.5
Staves         | 1 |  1.5
Slings         | 1 |  1.5
Bows           | 1 |  1.5
Crossbows      | 1 |  1.5
Throwing       | 1 |  1.5
Stealth        | 1 |  1.5
Shields        | 1 |  1.5
Unarmed Combat | 1 |  1.5
Spellcasting   | 1 |  1.5
Conjurations   | 1 |  1.2
Hexes          | 1 |  1.2
Summonings     | 1 |  1.2
Necromancy     | 1 |  1.2
Translocations | 1 |  1.2
Transmutations | 1 |  1.2
Fire Magic     | 1 |  1.2
Ice Magic      | 1 |  1.2
Air Magic      | 1 |  1.2
Earth Magic    | 1 |  1.2
Poison Magic   | 1 |  1.2
Evocations     | 1 |  1.5
Dodging        | 3 |  3.0
Fighting       | |  6.7
Polearms       | |  4.8
Armour         | |  4.8
Invocations    | |  4.9

Action                   |  1- 3 |  4- 6 || total
-------------------------+-------+-------++-------
Melee: Spear             |    34 |     7 ||    41
       Bite              |    12 |     3 ||    15
       Dagger            |   121 |    36 ||   157
Invok: Depart the Abyss  |     1 |       ||     1
       Bend Space        |       |     3 ||     3
  Use: Scroll            |     2 |     2 ||     4
       Potion            |       |     1 ||     1
Armor: Ring mail         |    49 |    29 ||    78
Dodge: Dodged            |    80 |    41 ||   121

Levels and vault maps discovered:
D:1:      dpeg_arrival_more_subterranean_lakeside_camping, layout_basic
D:2:      layout_rooms, ebering_ecumenical_altar_sacrificial, uniq_jessica
D:3:      layout_rooms, zin_statuary, serial_curves, eino_curves_01,
          eino_curves_01, minmay_ruptured, uniq_natasha, uniq_ijyb
D:4:      layout_loops_ring, old_standard_altar, tgw_fedhas,
          minmay_temple_entry_tees, amethyst_killhole, uniq_edmund

Notes
Turn   | Place    | Note
-------+----------+-------------------------------------------
     0 | Abyss:1  | spiderkeys the Gnoll Abyssal Knight began the quest for the
                  | Orb.
     0 | Abyss:1  | Reached XP level 1. HP: 23/23 MP: 3/3
     0 | Abyss:1  | magus.rc [v1.9.10]
   109 | Abyss:1  | Noticed a flying skull
   109 | Abyss:1  | Noticed a flying skull
   110 | Abyss:1  | Noticed a flying skull
   118 | D:1      | You pass through the gate.
   118 | D:1      | Escaped the Abyss
   329 | D:1      | Reached * piety under Lugonu
   345 | D:1      | Reached XP level 2. HP: 8/29 MP: 5/5
   670 | D:1      | You pick up a book of Misfortune and begin reading...
   670 | D:1      | You add the spells Confusing Touch, Gell's Gravitas,
                  | Petrify, Metabolic Englaciation and Yara's Violent
                  | Unravelling to your library.
   846 | D:1      | Reached XP level 3. HP: 26/35 MP: 6/6
  1611 | D:2      | Noticed a phantom
  1658 | D:2      | Killed a phantom
  1659 | D:2      | Reached skill level 1 in Short Blades
  1659 | D:2      | Reached skill level 1 in Long Blades
  1659 | D:2      | Reached skill level 1 in Axes
  1659 | D:2      | Reached skill level 1 in Maces & Flails
  1659 | D:2      | Reached skill level 1 in Staves
  1659 | D:2      | Reached skill level 1 in Slings
  1659 | D:2      | Reached skill level 1 in Bows
  1659 | D:2      | Reached skill level 1 in Crossbows
  1659 | D:2      | Reached skill level 1 in Throwing
  1659 | D:2      | Reached skill level 1 in Stealth
  1659 | D:2      | Reached skill level 1 in Shields
  1659 | D:2      | Reached skill level 1 in Unarmed Combat
  1659 | D:2      | Reached skill level 1 in Spellcasting
  1659 | D:2      | Reached skill level 1 in Conjurations
  1659 | D:2      | Reached skill level 1 in Hexes
  1659 | D:2      | Reached skill level 1 in Summonings
  1659 | D:2      | Reached skill level 1 in Necromancy
  1659 | D:2      | Reached skill level 1 in Translocations
  1659 | D:2      | Reached skill level 1 in Transmutations
  1659 | D:2      | Reached skill level 1 in Fire Magic
  1659 | D:2      | Reached skill level 1 in Ice Magic
  1659 | D:2      | Reached skill level 1 in Air Magic
  1659 | D:2      | Reached skill level 1 in Earth Magic
  1659 | D:2      | Reached skill level 1 in Poison Magic
  1659 | D:2      | Reached skill level 1 in Evocations
  1659 | D:2      | Reached XP level 4. HP: 19/41 MP: 7/7
  1659 | D:2      | Reached XP level 5. HP: 21/47 MP: 8/8
  1893 | D:2      | Reached ** piety under Lugonu
  1906 | D:2      | Noticed Jessica
  1910 | D:2      | Found a faded altar of an unknown god.
  1912 | D:2      | Killed Jessica
  1913 | D:2      | Reached skill level 3 in Dodging
  1914 | D:2      | You fall into a shaft and drop 2 floors!
  1940 | D:4      | Noticed a necrophage
  1941 | D:4      | Noticed a phantom
  1942 | D:4      | Noticed a black bear
  1949 | D:4      | Noticed Edmund
  1977 | D:3      | HP: 11/46 [poisoned by an adder]
  1990 | D:3      | HP: 11/46 [phantom (2)]
  2009 | D:3      | Noticed Natasha
  2013 | D:3      | HP: 5/46 [Natasha (1)]
  2015 | D:3      | Slain by an orc

Vanquished Creatures
  A phantom (D:2)
  Jessica (D:2)
  An adder (D:3)
  An orc (D:3)
  6 endoplasms
  3 giant cockroaches (D:1)
  8 goblins
  3 hobgoblins (D:1)
  5 jackals (D:1)
  5 quokkas
  2 ball pythons (D:2)
  3 bats
  3 frilled lizards
  6 kobolds
  2 rats
50 creatures vanquished.

Table legend:
 A = Non-vault XP
 B = Vault XP
 C = Vault XP percentage of total XP
 D = Non-vault monster count
 E = Vault monster count
 F = Vault count percentage of total count
                 A         B        C        D         E       F
            +---------+---------+-------+---------+---------+-------
      Total |     204 |      37 |  15.4 |      49 |       1 |   2.0
            +---------+---------+-------+---------+---------+-------
        D:1 |      54 |       0 |   0.0 |      31 |       0 |   0.0
        D:2 |     130 |      37 |  22.2 |      14 |       1 |   6.7
        D:3 |      18 |       0 |   0.0 |       3 |       0 |   0.0
        D:4 |       2 |       0 |   0.0 |       1 |       0 |   0.0
            +---------+---------+-------+---------+---------+-------

Illustrated notes

Table legend:
 A = Kills in this place as a percentage of kills in entire the game.
 B = Kills by you in this place as a percentage of kills by you in the entire game.
 C = Kills by friends in this place as a percentage of kills by friends in the entire game.
 D = Other kills in this place as a percentage of other kills in the entire game.
 E = Experience gained in this place as a percentage of experience gained in the entire game.
 F = Experience gained in this place divided by the number of levels of this place that you have seen.
                   A       B       C       D       E      F
               +-------+-------+-------+-------+-------+----------------------
         Total | 100.0 | 100.0 |   N/A |   N/A | 100.0 |  48.2
       Dungeon | 100.0 | 100.0 |   N/A |   N/A | 100.0 |  60.2
               +-------+-------+-------+-------+-------+----------------------

Table legend: (Time is in decaauts)
 A = Elapsed time spent in this place.
 B = Non-inter-level travel time spent in this place.
 C = Inter-level travel time spent in this place.
 D = Time resting spent in this place.
 E = Time spent auto-exploring this place.
 F = Levels seen in this place.
 G = Mean time per level.
                   A        B        C        D        E       F      G
               +--------+--------+--------+--------+--------+-----+--------+
         Total |   2002 |   1981 |     21 |      0 |   1464 |   5 |  400.4 |
       Dungeon |   1883 |   1862 |     21 |      0 |   1455 |   4 |  470.8 |
         Abyss |    119 |    119 |      0 |      0 |      9 |   1 |  119.0 |
               +--------+--------+--------+--------+--------+-----+--------+

Top non-repeatable levels by time:
     D:1: 1361 daAuts
     D:2: 423 daAuts
 Abyss:1: 119 daAuts
     D:3: 56 daAuts
     D:4: 41 daAuts
